 Dungeon Crawl Stone Soup version 0.29.0-4-gdea44cf6ec (webtiles) character file.

Game seed: 17293400130395257477

225 qw the Chopper (level 6, -4/35 HPs)
             Began as a Tengu Warper on Aug 28, 2022.
             Killed from afar by a white imp (11 damage)
             ... with a puff of frost
             ... on level 4 of the Dungeon.
             The game lasted 00:00:19 (3803 turns).

qw the Chopper (Tengu Warper)                       Turns: 3803, Time: 00:00:19

Health: -4/35      AC:  9    Str: 13    XL:     6   Next: 1%
Magic:  10/10      EV:  7    Int: 13    God:
Gold:   227        SH:  0    Dex: 14    Spells: 9/9 levels left

rFire   . . .      SeeInvis .   Y - +1 hand axe
rCold   . . .      Faith    .   (no shield)
rNeg    + . .      Spirit   .   f - +0 chain mail
rPois   .          Reflect  .   (helmet restricted)
rElec   .          Harm     .   (no cloak)
rCorr   .          Rampage  .   (no gloves)
Will    +....                   (boots unavailable)
Stlth   ..........              (no amulet)
HPRegen 0.11/turn               i - ring of positive energy
MPRegen 0.12/turn               j - ring of willpower

@: flying quickly and evasively, quick
A: beak, talons 3, nimble flight
a: no special abilities


You were on level 4 of the Dungeon.
You visited 1 branch of the dungeon, and saw 4 of its levels.

You collected 227 gold pieces.


Innate Abilities, Weirdness & Mutations

You have a beak for a mouth.
You have claws for feet.
Your magical nature lets you fly swiftly and evasively.


   Skills:
 - Level 2.0 Fighting
 + Level 6.0 Axes
 - Level 1.0 Throwing
 - Level 2.7 Armour
 - Level 2.1 Dodging
 - Level 2.0 Spellcasting
 - Level 2.4 Translocations


You had 9 spell levels left.
You didn't know any spells.
Your spell library contained the following spells:

 Spells                   Type           Power      Damage    Failure   Level
 Blink                    Tloc           14%        N/A       99%         2
 Gell's Gravitas          Tloc           7%         N/A       100%        3
 Lesser Beckoning         Tloc           7%         N/A       100%        3
 Teleport Other           Tloc           7%         N/A       100%        3
 Manifold Assault         Tloc           7%         N/A       100%        5

Inventory:

Hand Weapons
 b - a +0 morningstar
 Y - a +1 hand axe (weapon)
Missiles
 c - 6 silver javelins (quivered)
 e - 5 boomerangs
Armour
 f - a +0 chain mail (worn)
Jewellery
 i - a ring of positive energy (left hand)
 j - a ring of willpower (right hand)
 q - a ring of fire
Scrolls
 a - a scroll of identify
Potions
 d - a potion of resistance
 k - a potion of mutation
 o - a potion of cancellation

Dungeon Overview and Level Annotations

Branches:
Dungeon (4/15)
 Temple: D:4-7

Altars:
Ashenzari
Hepliaklqana
Nemelex Xobeh
Wu Jian
Xom
Zin

Annotations:
D:3 2 runed translucent doors, qw's ghost, amateur TeWr


Message History

You hit the gnoll. You hit the giant cockroach.
You hit the gnoll but do no damage. You hit the white imp but do no damage.
A gnoll comes into view. It is wielding a +0 whip.
The gnoll completely misses you.
The gnoll hits you from afar with a +0 spear.
The gnoll closely misses you.
The white imp hits you but does no damage.
The gnoll hits you but does no damage.
The howler monkey hoots and howls with incredible vigour!
The giant cockroach bites you.
You hear an angry hiss. x2; You hear a bark!
You hear an angry hiss.
You hear a bark!
You hit the howler monkey.
You kill the howler monkey!
You barely miss the gnoll.
You hit the giant cockroach but do no damage.
You barely miss the gnoll. You hit the white imp. The gnoll closely misses you.
The gnoll barely misses you.
The white imp hits you but does no damage.
The gnoll hits you but does no damage. The giant cockroach closely misses you.
Your Armour skill increases to level 2!
You have reached level 6!
You closely miss the giant cockroach. Your peck misses the giant cockroach.
The giant cockroach is severely wounded.
You hit the adder. You barely miss the gnoll.
You hit the gnoll but do no damage. You barely miss the white imp.
The gnoll hits you with a +0 flail.
The gnoll hits you from afar with a +0 spear. x2
The gnoll barely misses you. The white imp barely misses you.
The giant cockroach bites you but does no damage.
The adder barely misses you.
You hit the giant cockroach but do no damage.
Your kick misses the giant cockroach. You peck the giant cockroach.
The giant cockroach is almost dead.
You closely miss the adder. You hit the gnoll. You closely miss the gnoll.
You hit the white imp. The giant cockroach bites you.
The gnoll hits you but does no damage.
The gnoll hits you from afar with a +0 spear.
The white imp gestures at you. The puff of frost hits you!
You die...

## .. .. .#
### .#
....### .#
##.
#....#.##....
#.gBg..###
#.@.g.....
#Sg5......
#..........
........g...
..##.........
#..#
########..
### ..


You could see 5 gnolls, an adder, a white imp and a giant cockroach.

Vanquished Creatures
  A howler monkey (D:4)
  An orc priest (D:3)
  An orc wizard (D:3)
  4 adders
  2 gnolls (D:4)
  2 dart slugs (D:1)
  5 orcs (D:3)
  2 bats
  5 endoplasms
  3 giant cockroaches
  10 goblins
  12 hobgoblins
  4 kobolds
  2 quokkas (D:2)
  4 ball pythons
  4 frilled lizards
  4 rats
66 creatures vanquished.

Notes
Turn   | Place    | Note
-------+----------+-------------------------------------------
     0 | D:1      | qw the Tengu Warper began the quest for the Orb.
     0 | D:1      | Reached XP level 1. HP: 12/12 MP: 4/4
     0 | D:1      | 0 ||| qw: Version: 0.1-a-89-g26bdef1
     0 | D:1      | 0 ||| qw: Game counter: 2031
     0 | D:1      | 0 ||| qw: Always use a shield: true
     0 | D:1      | 0 ||| qw: God list: Okawaru
     0 | D:1      | 0 ||| qw: Allow faded altars: false
     0 | D:1      | 0 ||| qw: Do Orc after D:15 true
     0 | D:1      | 0 ||| qw: Do second Lair branch before Depths: true
     0 | D:1      | 0 ||| qw: Lair rune preference: random
     0 | D:1      | 0 ||| qw: Plans: Normal
     0 | D:1      | 0 ||| PLANNING D:1-11
     3 | D:1      | Noticed an electric eel
     4 | D:1      | Noticed an electric eel
    42 | D:1      | 42 ||| Stepping ~*~*~tactically~*~*~ (stealth).
    44 | D:1      | 44 ||| Stepping ~*~*~tactically~*~*~ (stealth).
    65 | D:1      | 65 ||| Stepping ~*~*~tactically~*~*~ (stealth).
    68 | D:1      | 68 ||| Stepping ~*~*~tactically~*~*~ (stealth).
    69 | D:1      | HP: 2/12 [goblin/+0 dagger (3)]
    71 | D:1      | Reached XP level 2. HP: 4/17 MP: 6/6
   342 | D:1      | Reached skill level 3 in Axes
   402 | D:1      | 402 ||| Stepping ~*~*~tactically~*~*~ (stealth).
   407 | D:1      | 407 ||| Stepping ~*~*~tactically~*~*~ (stealth).
   415 | D:1      | 415 ||| Stepping ~*~*~tactically~*~*~ (stealth).
   438 | D:1      | 438 ||| Stepping ~*~*~tactically~*~*~ (stealth).
   814 | D:1      | Reached XP level 3. HP: 17/21 MP: 7/7
   954 | D:1      | 954 ||| UPGRADING to +0 ring mail.
   964 | D:1      | 964 ||| DROPPING +0 leather armour.
   965 | D:1      | 965 ||| UPGRADING to ring of positive energy.
   966 | D:1      | 966 ||| READING 3 scrolls labelled YFESEC RUCW.
   967 | D:1      | 967 ||| READING scroll labelled BOYMYA OQONECUOSUU.
   968 | D:1      | 968 ||| READING scroll labelled NIGUEF JUPA.
  1072 | D:1      | 1072 ||| READING 2 scrolls of identify.
  1072 | D:1      | 1072 ||| IDENTIFYING bubbling yellow potion
  1073 | D:1      | 1073 ||| DROPPING scroll of blinking.
  1074 | D:1      | 1074 ||| DROPPING potion of ambrosia.
  1230 | D:2      | Reached skill level 4 in Axes
  1405 | D:2      | Found a faded altar of an unknown god.
  1683 | D:2      | 1683 ||| Stepping ~*~*~tactically~*~*~ (stealth).
  1684 | D:2      | 1684 ||| Stepping ~*~*~tactically~*~*~ (stealth).
  1695 | D:2      | Reached XP level 4. HP: 26/26 MP: 8/8
  1695 | D:2      | 1695 ||| Stepping ~*~*~tactically~*~*~ (stealth).
  1946 | D:2      | 1946 ||| Stepping ~*~*~tactically~*~*~ (stealth).
  1948 | D:2      | 1948 ||| Stepping ~*~*~tactically~*~*~ (stealth).
  2291 | D:2      | 2291 ||| UPGRADING to +3 ring mail.
  2301 | D:2      | 2301 ||| DROPPING +0 ring mail.
  2302 | D:2      | 2302 ||| UPGRADING to ring of willpower.
  2303 | D:2      | 2303 ||| READING scroll labelled LUES KIJEFU.
  2304 | D:2      | 2304 ||| READING scroll labelled KOLATI ICEJ.
  2305 | D:2      | 2305 ||| DRINKING 2 bubbling amethyst potions.
  2306 | D:2      | 2306 ||| DROPPING potion of flight.
  2307 | D:2      | 2307 ||| Stepping randomly (stuck).
  2308 | D:2      | 2308 ||| Stepping ~*~*~tactically~*~*~ (cloud).
  2311 | D:2      | HP: 6/26 [poisoned by you (poison gas)]
  2315 | D:2      | HP: 2/26 [poisoned by you (poison gas)]
  2641 | D:3      | Found an ornate altar of the Wu Jian Council.
  2684 | D:3      | Reached skill level 5 in Axes
  2732 | D:3      | Found a broken altar of Ashenzari.
  2821 | D:3      | 2821 ||| Stepping ~*~*~tactically~*~*~ (stealth).
  2828 | D:3      | Gained mutation: Your magical nature lets you fly swiftly
                  | and evasively. [Tengu growth]
  2828 | D:3      | Reached XP level 5. HP: 8/30 MP: 9/9
  3043 | D:3      | 3043 ||| DROPPING +0 whip.
  3262 | D:3      | Found a glowing silver altar of Zin.
  3266 | D:3      | Found a sparkling altar of Nemelex Xobeh.
  3270 | D:3      | Found a hazy altar of Hepliaklqana.
  3273 | D:3      | Found a shimmering altar of Xom.
  3354 | D:3      | Found a runed translucent door.
  3359 | D:3      | Noticed qw's ghost (amateur TeWr)
  3385 | D:3      | Found a runed translucent door.
  3400 | D:3      | Reached skill level 6 in Axes
  3629 | D:3      | 3629 ||| UPGRADING to +0 chain mail.
  3639 | D:3      | 3639 ||| DROPPING +3 ring mail.
  3640 | D:3      | 3640 ||| READING scroll labelled LAUBIE MEECKO.
  3660 | D:3      | 3660 ||| READING scroll labelled MEMONELAON.
  3761 | D:3      | 3761 ||| READING scroll labelled GESUCEWAYN.
  3762 | D:3      | 3762 ||| DRINKING 2 white potions.
  3763 | D:3      | 3763 ||| READING 5 scrolls of identify.
  3763 | D:3      | 3763 ||| IDENTIFYING fizzy orange potion
  3764 | D:3      | 3764 ||| READING 4 scrolls of identify.
  3764 | D:3      | 3764 ||| IDENTIFYING brown potion
  3765 | D:3      | 3765 ||| READING 3 scrolls of identify.
  3765 | D:3      | 3765 ||| IDENTIFYING viscous red potion
  3766 | D:3      | 3766 ||| READING 2 scrolls of identify.
  3766 | D:3      | 3766 ||| IDENTIFYING golden potion
  3767 | D:3      | 3767 ||| DROPPING potion of degeneration.
  3796 | D:4      | HP: 6/30 [gnoll/+0 spear (2)]
  3797 | D:4      | 3797 ||| DRINKING potion of heal wounds.
  3802 | D:4      | Reached XP level 6. HP: 20/35 MP: 10/10
  3803 | D:4      | HP: 7/35 [gnoll/+0 spear (3)]
  3803 | D:4      | Killed from afar by a white imp

Levels and vault maps discovered:
D:1:      arrival_aquarium_b, layout_rooms, st_stairs_14, minmay_misc_feat_cross
D:2:      cheibrodos_greedy_goblins, layout_basic,
          hellmonk_ecumenical_altar_inner_sanctum, minivault_19,
          minmay_misc_feat_roman
D:3:      layout_basic, minitemple, nicolae_wu_jian_immortal_techniques,
          mainiacjoe_overflow_surrounded_room, ebering_ghost_sewer_f,
          kennysheep_decorative_pillar, minmay_misc_feat_enclosed,
          hangedman_abyss_or_decor_lesser_grid
D:4:      layout_rooms, gammafunk_ghost_split

Skill      XL: |  1  2  3  4  5 |
---------------+----------------+-----
Axes           | 3 4 5 6 |  6.0
Armour         | 2 |  2.7
Fighting       | |  2.0
Throwing       | |  1.0
Dodging        | |  2.1
Spellcasting   | |  2.0
Translocations | |  2.4

Action                   |  1- 3 |  4- 6 || total
-------------------------+-------+-------++-------
Melee: Hand axe          |    70 |    64 ||   134
       Kick              |    18 |    12 ||    30
       Peck              |     6 |     9 ||    15
       Punch             |     1 |       ||     1
Throw: Boomerang         |     7 |       ||     7
       Javelin           |     9 |    27 ||    36
  Use: Scroll            |     4 |     9 ||    13
       Potion            |       |     3 ||     3
 Stab: Distracted        |     1 |       ||     1
Armor: Leather armour    |     5 |       ||     5
       Ring mail         |     7 |    24 ||    31
       Chain mail        |       |    15 ||    15
Dodge: Dodged            |    31 |    43 ||    74

Table legend:
 A = Non-vault XP
 B = Vault XP
 C = Vault XP percentage of total XP
 D = Non-vault monster count
 E = Vault monster count
 F = Vault count percentage of total count
                 A         B        C        D         E       F
            +---------+---------+-------+---------+---------+-------
      Total |     305 |      17 |   5.3 |      57 |       9 |  13.6
            +---------+---------+-------+---------+---------+-------
        D:1 |      33 |       1 |   2.9 |      17 |       1 |   5.6
        D:2 |      60 |      16 |  21.1 |      22 |       8 |  26.7
        D:3 |     126 |       0 |   0.0 |      15 |       0 |   0.0
        D:4 |      86 |       0 |   0.0 |       3 |       0 |   0.0
            +---------+---------+-------+---------+---------+-------
